 Dungeon Crawl Stone Soup version 0.27-a0-1090-gb115f176c6 (webtiles) character file.

Game seed: 3472773475210977340

53 scammafunk the Skirmisher (level 3, -2/34 HPs)
             Began as a Naga Fighter on Apr 27, 2021.
             Slain by a gnoll
             ... wielding a +0 club
              (4 damage)
             ... on level 2 of the Dungeon.
             The game lasted 00:05:48 (1825 turns).

scammafunk the Skirmisher (Naga Fighter)            Turns: 1825, Time: 00:05:48

Health: -2/34      AC:  4    Str: 20 (21) XL:     3   Next: 89%
Magic:  3/3        EV:  5    Int:  8      God:
Gold:   77         SH:  9    Dex: 10      Spells: 2/2 levels left

rFire    . . .     SeeInvis +   a - +0 long sword
rCold    . . .     Faith    .   c - +0 kite shield
rNeg     . . .     Spirit   .   b - +0 scale mail
rPois    +         Reflect  .   (no helmet)
rElec    .         Harm     .   (no cloak)
rCorr    .         Rampage  .   (no gloves)
Will     .....                  (no barding)
Stlth    ..........             (no amulet)
HPRegen  0.11/turn              e - ring of wizardry
MPRegen  0.08/turn              (no ring)

@: mighty, very slow
A: AC +1, large, see invisible, deformed body, poison resistance, slowness 2,
spit poison 1, naga tail 1, deterioration 1, strong 1, MP-powered wands
a: Spit Poison


You were on level 2 of the Dungeon.
You visited 1 branch of the dungeon, and saw 2 of its levels.

You collected 77 gold pieces.

Inventory:

Hand Weapons
 a - a +0 long sword (weapon)
Armour
 b - a +0 scale mail (worn)
 c - a +0 kite shield (worn)
Jewellery
 e - a ring of wizardry (left hand)
 f - a ring of see invisible
 g - a ring of wizardry
Potions
 h - a potion of ambrosia {unknown}


   Skills:
 + Level 3.5 Fighting
 + Level 2.6 Long Blades
 + Level 2.8 Armour
 + Level 2.8 Shields


You had 2 spell levels left.
You didn't know any spells.
Your spell library contained the following spells:

 Spells                   Type           Power      Damage    Failure   Level
 Summon Small Mammal      Summ           0%         N/A       86%         1
 Call Imp                 Summ           0%         N/A       94%         2
 Call Canine Familiar     Summ           0%         N/A       99%         3
 Confusing Touch          Hex            0%         N/A       99%         3
 Gell's Gravitas          Tloc           0%         N/A       99%         3
 Summon Guardian Golem    Hex/Summ       0%         N/A       99%         3
 Petrify                  Tmut/Erth      0%         N/A       100%        4
 Summon Ice Beast         Ice/Summ       0%         N/A       100%        4
 Summon Lightning Spire   Summ/Air       0%         N/A       100%        4
 Metabolic Englaciation   Hex/Ice        0%         N/A       100%        5
 Yara's Violent Unravell  Hex/Tmut       0%         3d3       100%        5


Dungeon Overview and Level Annotations

Branches:
Dungeon (2/15)

Altars:


Innate Abilities, Weirdness & Mutations

Your serpentine skin is tough. (AC +1)
You have supernaturally acute eyesight. (SInv)
Armour fits poorly on your strangely shaped body.
Your system is resistant to poisons. (rPois)
You cover ground very slowly.
You can spit poison.
You have a snake-like lower body.
Your body sometimes deteriorates upon taking damage.
Your muscles are strong. (Str +2)
You expend magic power (3 MP) to strengthen your wands.


Message History

A gnoll comes into view. It is wielding a +0 halberd.
The gnoll shouts!
A gnoll comes into view. It is wielding a +0 club. x2
The splash of poison hits the gnoll.
The gnoll is lightly wounded.
The gnoll shouts!
A frilled lizard comes into view.
You have got your breath back.
You block the gnoll's attack.
The gnoll hits you from afar with a +0 halberd.
The gnoll hits you from afar with a +0 halberd.
You block the gnoll's attack. You block the gnoll's attack.
The gnoll hits you with a +0 halberd.
You hit the gnoll.
The gnoll is heavily wounded.
You block the gnoll's attack.
You hit the gnoll.
The gnoll is severely wounded.
The gnoll hits you with a +0 halberd! You block the gnoll's attack.
You hit the gnoll.
You kill the gnoll!
The gnoll hits you with a +0 club.
You hit the gnoll but do no damage. The gnoll hits you with a +0 club.
You slash the gnoll!
The gnoll is severely wounded.
The gnoll hits you with a +0 club.
* * * LOW HITPOINT WARNING * * *
The gnoll hits you with a +0 club.
* * * LOW HITPOINT WARNING * * *
Your body deteriorates!
You feel weakened.
You feel very mighty all of a sudden. The gnoll barely misses you.
You closely miss the gnoll.
The gnoll is severely wounded.
The gnoll barely misses you.
You riposte.
You barely miss the gnoll.
The gnoll is severely wounded.
You barely miss the gnoll.
The gnoll is severely wounded.
The gnoll hits you but does no damage. The gnoll hits you with a +0 club.
You die...

#... #...# #...#
####...# ##......#
#######.......#####
..............gg@.#
...............####
...........#..##
.........)...##
............##
......)....##
.....(.....#
...........#
........#.##


You could see 2 gnolls.

Vanquished Creatures
  A gnoll (D:2)
  A worm (D:2)
  A dart slug (D:2)
  4 bats
  6 endoplasms
  A giant cockroach (D:2)
  3 goblins
  3 hobgoblins
  5 kobolds
  2 quokkas
  2 ball pythons (D:2)
  2 frilled lizards
  4 rats
35 creatures vanquished.

Notes
Turn   | Place    | Note
-------+----------+-------------------------------------------
     0 | D:1      | scammafunk the Naga Fighter began the quest for the Orb.
     0 | D:1      | Reached XP level 1. HP: 21/21 MP: 1/1
   243 | D:1      | Reached XP level 2. HP: 28/28 MP: 2/2
  1069 | D:1      | Gained mutation: Your tail ends in a poisonous barb.
                  | [potion of mutation]
  1069 | D:1      | Gained mutation: Your movements are slightly less
                  | encumbered by armour. (ER -2) [potion of mutation]
  1069 | D:1      | Gained mutation: Your flesh is cold resistant. (rC+)
                  | [potion of mutation]
  1069 | D:1      | Gained mutation: You expend magic power (3 MP) to
                  | strengthen your wands. [potion of mutation]
  1113 | D:2      | Reached XP level 3. HP: 12/34 MP: 3/3
  1564 | D:2      | Lost mutation: Your flesh is cold resistant. (rC+) [potion
                  | of mutation]
  1564 | D:2      | Lost mutation: You expend magic power (3 MP) to strengthen
                  | your wands. [potion of mutation]
  1564 | D:2      | Lost mutation: Your movements are slightly less encumbered
                  | by armour. (ER -2) [potion of mutation]
  1564 | D:2      | Lost mutation: Your tail ends in a poisonous barb. [potion
                  | of mutation]
  1564 | D:2      | Gained mutation: Your body sometimes deteriorates upon
                  | taking damage. [potion of mutation]
  1564 | D:2      | Gained mutation: Your muscles are strong. (Str +2) [potion
                  | of mutation]
  1564 | D:2      | Gained mutation: You expend magic power (3 MP) to
                  | strengthen your wands. [potion of mutation]
  1822 | D:2      | HP: 1/34 [gnoll/+0 club (5)]
  1825 | D:2      | Slain by a gnoll

Illustrated notes

Levels and vault maps discovered:
D:1:      lordsloth_arrival_two_stooges, layout_basic,
          chequers_serial_rivers_large_b, minmay_tetromino_o2
D:2:      layout_rooms

Action                   || total
-------------------------++-------
Melee: Long sword        ||    99
 Abil: Spit Poison       ||     6
  Use: Potion            ||     5
Armor: Scale mail        ||    49
Dodge: Dodged            ||    27
Block: Kite shield       ||    58
       Rpst.: Long sword ||     8

Table legend: (Time is in decaauts)
 A = Elapsed time spent in this place.
 B = Non-inter-level travel time spent in this place.
 C = Inter-level travel time spent in this place.
 D = Time resting spent in this place.
 E = Time spent auto-exploring this place.
 F = Levels seen in this place.
 G = Mean time per level.
                   A        B        C        D        E       F      G
               +--------+--------+--------+--------+--------+-----+--------+
         Total |   2238 |   2196 |     42 |     35 |   1741 |   2 | 1119.0 |
       Dungeon |   2238 |   2196 |     42 |     35 |   1741 |   2 | 1119.0 |
               +--------+--------+--------+--------+--------+-----+--------+

Top non-repeatable levels by time:
     D:1: 1414 daAuts
     D:2: 823 daAuts
